 Dungeon Crawl Stone Soup version 0.30.1-11-g7821555f0a (webtiles) character file.

Game seed: 5401795298261689917

4621 Ijustatesigmund the Protected (level 10, -14/53 HPs)
             Began as a Gargoyle Earth Elementalist on Nov 16, 2023.
             Engulfed by a cloud of flame (29 damage)
             ... on level 7 of the Dungeon.
             The game lasted 00:18:45 (8421 turns).

Ijustatesigmund the Protected (GrEE)                Turns: 8421, Time: 00:18:46

Health: -14/53     AC: 20    Str: 12    XL:     10   Next: 42%
Magic:  6/17       EV: 11    Int: 20    God:
Gold:   474        SH:  0    Dex: 10    Spells: 8/18 levels left

rFire   . . .        f - +1 flail
rCold   . . .        (no shield)
rNeg    + + .        a - +0 acid dragon scales
rPois   ∞            k - +1 helmet
rElec   +            (no cloak)
rCorr   +            g - +1 pair of gloves
SInv    .            (no boots)
Will    .....        e - amulet of magic regeneration
Stlth   +            h - ring of wizardry
HPRegen 0.28/turn    s - ring of positive energy
MPRegen 0.55/turn

%: wizardry (x1)
@: on berserk cooldown, slowed, invisible, very slow
A: sickness immunity, AC +7, negative energy resistance 1, electricity
resistance, torment resistance 1, petrification resistance
a: no special abilities


You were on level 7 of the Dungeon.
You visited 2 branches of the dungeon, and saw 8 of its levels.
You also visited: Ossuary.

You collected 505 gold pieces.
You spent 31 gold pieces at shops.

Inventory:

Hand Weapons
 f - a +1 flail (weapon)
Missiles
 D - a throwing net
Armour
 a - +0 acid dragon scales (worn)
 g - a +1 pair of gloves (worn)
 k - a +1 helmet (worn)
 u - a +0 kite shield
Jewellery
 e - an amulet of magic regeneration (around neck)
 h - a ring of wizardry (left hand)
 j - an amulet of reflection
 o - a ring of fire
 s - a ring of positive energy (right hand)
 E - a ring of positive energy
 F - a +6 ring of intelligence
Wands
 y - a wand of flame (20)
Scrolls
 d - 3 scrolls of identify
 t - a scroll of enchant armour
 w - 2 scrolls of fog
 H - a scroll of fear
Potions
 b - 4 potions of magic
 c - a potion of brilliance
 i - 3 potions of curing
 l - a potion of attraction {unknown}
 n - a potion of lignification
 z - 5 potions of mutation


   Skills:
 - Level 2.1 Fighting
 - Level 3.1 Maces & Flails
 + Level 8.7 Armour
 - Level 1.5 Dodging
 - Level 2.1 Stealth
 - Level 4.9 Spellcasting
 - Level 4.9 Conjurations
 - Level 0.7 Transmutations
 + Level 8.3 Fire Magic
 - Level 7.0 Earth Magic


You had 8 spell levels left.
You knew the following spells:

 Your Spells              Type           Power      Damage    Failure   Level
a - Scorch                Fire           76%        2d8       1%          2
b - Stone Arrow           Conj/Erth      56%        3d10      1%          3
c - Fireball              Conj/Fire      15%        3d8       12%         5

Your spell library contained the following spells:

 Spells                   Type           Power      Damage    Failure   Level
 Foxfire                  Conj/Fire      100%       2x1d9     1%          1
 Sandblast                Erth           66%        2d15      1%          1
 Passwall                 Tmut/Erth      16%        N/A       1%          2
 Flame Wave               Conj/Fire      31%        2d9       4%          4
 Ignite Poison            Fire/Tmut/Pois 17%        N/A       6%          3
 Freeze                   Ice            16%        1d4       7%          1
 Slow                     Hex            16%        N/A       7%          1
 Hailstorm                Conj/Ice       14%        3d5       8%          3
 Petrify                  Tmut/Erth      20%        N/A       13%         4
 Confusing Touch          Hex            4%         N/A       21%         3
 Frozen Ramparts          Ice            8%         1d2       21%         3
 Vampiric Draining        Necr           4%         2d6       21%         3
 Starburst                Conj/Fire      15%        6d6       52%         6
 Freezing Cloud           Conj/Ice/Air   5%         6-21      65%         5
 Plasma Beam              Fire/Air       10%        2x1d23    85%         6
 Summon Cactus Giant      Summ           2%         N/A       100%        6
 Cigotuvi's Dreadful Rot  Necr/Pois/Air  Unusable   N/A       N/A         2

Dungeon Overview and Level Annotations

Branches:
Dungeon (7/15)             Temple (1/1) D:7         Ossuary (visited)

Altars:
Cheibriados
Dithmenos
Elyvilon
Fedhas
Gozag
Kikubaaqudgha
Nemelex Xobeh
Ru
Trog
Uskayaw
Wu Jian
Xom
Yredelemnul
Zin
The Shining One

Shops:
D:3 *   D:5 :


Innate Abilities, Weirdness & Mutations

You are immune to sickness and miasma.
Your stone body is resilient. (AC +7)
You are immune to poison.
You resist negative energy. (rN+)
You are resistant to electric shocks. (rElec)
You are resistant to unholy torment.
You are immune to petrification.


Message History

A shadow imp comes into view.
The deep elf pyromancer points at you and mumbles some strange words.
The sticky flame misses you.
You closely miss the deep elf pyromancer.
The deep elf pyromancer is almost dead.
The deep elf pyromancer closely misses you.
The shadow imp gestures at you. Pain shoots through your body!
* * * LOW HITPOINT WARNING * * *
The deep elf pyromancer closely misses you.
You feel better.
The deep elf pyromancer casts a spell at you.
The sticky flame misses you. The shadow imp spits at you.
The shadow imp hits you but does no damage.
The deep elf pyromancer closely misses you.
Casting: Stone Arrow (safe; 1% risk of failure)
Confirm with . or Enter, or press ? or * to list all spells.
Aiming: Stone Arrow (safe; 1% risk of failure)
Press: ? - help, Shift-Dir - straight line, f/p - deep elf pyromancer
Aim: a deep elf pyromancer, wielding a +0 spear and wearing a +0 chain mail (almost dead, unable to see you, 68% to hit)
The stone arrow hits the deep elf pyromancer!
You kill the deep elf pyromancer!
The shadow imp closely misses you.
The forest fire spreads!
Casting: Stone Arrow (safe; 1% risk of failure)
Confirm with . or Enter, or press ? or * to list all spells.
Aiming: Stone Arrow (safe; 1% risk of failure)
Press: ? - help, Shift-Dir - straight line, f - shadow imp
Aim: a shadow imp (unable to see you, 68% to hit)
The stone arrow misses the shadow imp.
The shadow imp gestures at you. Pain shoots through your body!
The shadow imp gestures at you. Pain shoots through your body!
* * * LOW HITPOINT WARNING * * *
You feel a little less mighty now.
Things that are here:
a +0 spear; a +0 chain mail Ouch!
That really hurt!
You die...

..<# #.#,..............,,,,,,*,*
...# #.#.#........)...,,,,,,>,,,
#######.#.#.##*.######***********
#...........#.,,,.#**,****,****,*
.####.......#.***.#*,*,**,*,**,*,
.# #.......#§♣♣*.#,***,,*8*,,***
.####.......#§§♣♣.#*,*,**,*,**,*,
....#)....###§§§..#**,****,****,*
........######♣5@##*******,******
#.#.#.#.# #.#♣♣§§§#*~~~~~*,*~~~~~
........# #.#.♣○○§#~~~~~~*.*~~~~~
......#.# #.#..○§○#~~~~~,..,,~~~~
........# #.#..○§○#~~~~,...,,,~~~
..>...#.# #.#..).†#~~~,....,,,,~~
........# #.#.♣♣..#~~,..~.#,~,,,~
......#.###.#♣♣♣♣..♣♣..~≈#,*~~,,*
...)....'...#.....††y.~≈~#,*~~~,,


You could see a shadow imp (unable to see you).

Vanquished Creatures
  A deep elf pyromancer (D:7)
  An ugly thing (D:7)
  Maggie (D:5)
  Grinder (D:4)
  A hornet (D:6)
  2 slime creatures (D:7)
  A wraith (D:7)
  A steam dragon (D:6)
  An acid dragon (D:5)
  2 orc warriors
  3 ice beasts
  2 black bears
  An ogre (D:6)
  A centaur (D:5)
  2 phantoms
  A bullfrog (D:6)
  A kobold brigand (D:7)
  A scorpion (D:5)
  A wight (D:7)
  4 killer bees (D:7)
  An electric eel (D:7)
  A howler monkey (D:6)
  A hound (D:5)
  4 jellies
  A sleepcap (D:6)
  2 gnoll boudas (D:6)
  6 iguanas
  3 orc wizards
  8 mummies (Ossuary)
  10 adders
  17 gnolls
  2 shadow imps (D:6)
  A white imp (D:5)
  An ufetubus (D:6)
  4 worms
  11 orcs
  6 bats
  7 endoplasms
  10 giant cockroaches
  A gnoll zombie (Ossuary)
  4 goblins
  12 hobgoblins
  6 jackals
  3 quokkas
  12 ball pythons
  4 hobgoblin zombies (Ossuary)
  14 kobolds
  2 kobold zombies (Ossuary)
  An orc zombie (Ossuary)
  25 rats
209 creatures vanquished.

Notes
Turn   | Place    | Note
-------+----------+-------------------------------------------
     0 | D:1      | Ijustatesigmund the Gargoyle Earth Elementalist began the
                  | quest for the Orb.
     0 | D:1      | Reached XP level 1. HP: 10/10 MP: 3/3
   218 | D:1      | Reached XP level 2. HP: 16/16 MP: 3/5
   332 | D:1      | Reached skill level 1 in Fighting
   804 | D:1      | Reached XP level 3. HP: 20/20 MP: 4/6
  1128 | D:1      | Found a faded altar of an unknown god.
  1331 | D:2      | Reached XP level 4. HP: 26/26 MP: 8/8
  1367 | D:2      | Learned a level 3 spell: Stone Arrow
  1531 | D:2      | Reached skill level 1 in Conjurations
  1723 | D:2      | Reached XP level 5. HP: 30/30 MP: 7/9
  2373 | D:3      | Found Daurch's Assorted Antiques.
  2382 | D:3      | Bought a scroll labelled ABAEHOS ESAUTIO for 31 gold pieces
  2494 | D:3      | Reached skill level 5 in Earth Magic
  3010 | D:3      | Reached skill level 1 in Maces & Flails
  3010 | D:3      | Reached XP level 6. HP: 35/35 MP: 7/11
  3441 | D:4      | Noticed Grinder
  3445 | D:4      | Killed Grinder
  3446 | D:4      | Reached XP level 7. HP: 40/40 MP: 1/12
  3640 | D:4      | Found a shimmering altar of Xom.
  4191 | D:5      | Entered Level 5 of the Dungeon
  4429 | D:5      | Learned a level 5 spell: Fireball
  4670 | D:5      | Reached XP level 8. HP: 44/44 MP: 8/14
  4751 | D:5      | Reached skill level 1 in Fire Magic
  5212 | D:5      | Found a glowing silver altar of Zin.
  5289 | D:5      | Reached skill level 1 in Armour
  5349 | D:5      | Found Ukomips's Tiny Tomes.
  5408 | D:6      | Noticed a hornet
  5413 | D:6      | Killed a hornet
  5700 | D:6      | Reached XP level 9. HP: 48/48 MP: 4/16
  6189 | D:6      | Reached skill level 5 in Armour
  6189 | D:6      | Reached skill level 5 in Fire Magic
  6690 | D:6      | Noticed Maggie
  6700 | D:5      | Killed Maggie
  7281 | D:7      | Found a sand-covered staircase.
  7291 | Ossuary  | Entered an ossuary
  7841 | Ossuary  | Learned a level 2 spell: Scorch
  7922 | D:7      | Found a sparkling altar of Nemelex Xobeh.
  7922 | D:7      | Found an opulent altar of Gozag.
  7949 | D:7      | Found a staircase to the Ecumenical Temple.
  7974 | Temple   | Entered the Ecumenical Temple
  8359 | D:7      | Noticed a cyan ugly thing
  8369 | D:7      | Reached XP level 10. HP: 34/53 MP: 7/17
  8375 | D:7      | Killed a cyan ugly thing
  8377 | D:7      | Noticed a deep elf pyromancer
  8418 | D:7      | Killed a deep elf pyromancer
  8421 | D:7      | Engulfed by a cloud of flame

Illustrated notes

Levels and vault maps discovered:
D:1:      tarquinn_simple_flora_water_e, layout_loops_cross,
          hellmonk_ecumenical_altar_crossroads
D:2:      layout_basic
D:3:      minmay_roachtagon, layout_basic, serial_shops, shop,
          minmay_fountain_box, chequers_serial_rivers_small_b, minmay_rat_hole
D:4:      cheibrodos_thug_alley, layout_loops_cross, makhleb_altar_promises_db,
          mainiacjoe_overflow_24_doors, chequers_serial_rivers_micro_a,
          grunt_ministairs_11, uniq_grinder
D:5:      layout_loops_ring, zin_scriptorium,
          nicolae_shop_i_like_small_books_too
D:6:      layout_loops_corners, st_stairs_6, uniq_maggie
D:7:      nzn_winding_woodlands_large [nzn_winding_woodlands_5x5_checkerboard,
          nzn_winding_woodlands_5x15_longhouse,
          nzn_winding_woodlands_5x5_default,
          nzn_winding_woodlands_center_diamonds,
          nzn_winding_woodlands_15x15_eel_pit,
          nzn_winding_woodlands_center_pierced_h,
          nzn_winding_woodlands_5x5_perimeter,
          nzn_winding_woodlands_5x15_pockets, nzn_winding_woodlands_5x5_cross],
          layout_basic, grunt_temple_overflow_opulence,
          nicolae_qazlal_general_emergency, mainiacjoe_overflow_catwalk_spiral,
          minmay_temple_entry_glass, enter_ossuary_1
Temple:   minmay_temple_curvy_loop

Skill      XL: |  1  2  3  4  5  6  7  8  9 10 |
---------------+-------------------------------+-----
Fighting       | 1 2 |  2.1
Earth Magic    | 4 5 6 7 |  7.0
Spellcasting   | 3 4 |  4.9
Conjurations   | 1 2 3 4 |  4.9
Maces & Flails | 1 2 3 |  3.1
Fire Magic     | 4 7 8 |  8.3
Armour         | 3 7 8 |  8.7
Dodging        | |  1.5
Stealth        | |  2.1
Transmutations | |  0.7

Action                     |  1- 3 |  4- 6 |  7- 9 | 10-12 || total
---------------------------+-------+-------+-------+-------++-------
  Melee: Unarmed           |    16 |       |       |       ||    16
         Spear             |    13 |    40 |       |       ||    53
         Punch             |       |     1 |       |       ||     1
         Flail             |       |    81 |    86 |    23 ||   190
   Cast: Sandblast         |    39 |    58 |    14 |       ||   111
         Stone Arrow       |       |    10 |   132 |     9 ||   151
         Scorch            |       |       |     3 |       ||     3
         Fireball          |       |       |     2 |     1 ||     3
  Evoke: Wand              |       |       |     2 |       ||     2
    Use: Scroll            |       |     2 |    18 |     1 ||    21
         Potion            |       |       |       |     7 ||     7
   Stab: Sleeping          |     1 |     1 |       |       ||     2
         Invisible         |       |       |       |     3 ||     3
 Armour: Robe              |    13 |    72 |     4 |       ||    89
         Acid dragon scale |       |       |    64 |    33 ||    97
  Dodge: Dodged            |    33 |   104 |    80 |    46 ||   263
